 Dungeon Crawl Stone Soup version 0.20-a0-1062-g7b787ac (webtiles) character file.

191 Alarkh the Insei (level 5, 37/37 HPs)
             Began as a Demonspawn Monk on Apr 27, 2017.
             Was a Believer of Hepliaklqana.
             Quit the game on level 2 of the Dungeon.
             The game lasted 00:01:39 (2397 turns).

Alarkh the Insei (Demonspawn Monk)                  Turns: 2397, Time: 00:01:40

Health: 37/37      AC:  4    Str: 11    XL:     5   Next: 41%
Magic:  14/14      EV: 13    Int: 13    God:    Hepliaklqana [**....]
Gold:   45         SH:  0    Dex: 17    Spells: 4/4 levels left

rFire    . . .     SeeInvis .     - Unarmed
rCold    . . .     Gourm    .   (no shield)
rNeg     . . .     Faith    .   g - +1 leather armour {MR+}
rPois    .         Spirit   .   (no helmet)
rElec    .         Reflect  .   (no cloak)
rCorr    .         Harm     .   (no gloves)
MR       +....                  c - -1 pair of boots (curse)
Stlth    ++........             (no amulet)
Regen    0.2/turn               e - ring of magical power
MPRegen  0.2/turn               (no ring)

@: no status effects
A: reduced essence, thin skeletal structure 1, demonic guardian 1, powered by
pain 1
a: Ancestor Life: Knight, Ancestor Life: Battlemage, Ancestor Life: Hexer,
Recall Ancestor, Ancestor Identity, Renounce Religion


You were on level 2 of the Dungeon.
You worshipped Hepliaklqana.
Hepliaklqana was pleased with you.
You were not hungry.

You visited 1 branch of the dungeon, and saw 2 of its levels.

You collected 45 gold pieces.

Inventory:

Armour
 a - a +0 robe
 c - a cursed -1 pair of boots (worn)
 g - a +1 leather armour of magic resistance (worn)
Jewellery
 e - a ring of magical power (left hand)
 n - an uncursed ring of poison resistance {unknown}
Scrolls
 d - 3 scrolls of identify {unknown}
 f - a scroll of recharging {unknown}
 i - 2 scrolls of remove curse {unknown}
 j - a scroll of immolation {unknown}
 k - a scroll of random uselessness {unknown}
 m - a scroll of amnesia {unknown}
 q - a scroll of enchant armour {unknown}
Potions
 o - a potion of flight
Comestibles
 b - 2 bread rations
 h - a chunk of flesh
 l - 4 fruits
 p - a royal jelly


   Skills:
 + Level 4.0 Fighting
 + Level 3.6 Dodging
 - Level 1.7 Stealth
 * Level 4.3 Unarmed Combat


You had 4 spell levels left.
You didn't know any spells.

Dungeon Overview and Level Annotations

Branches:
Dungeon (2/15)

Altars:
Hepliaklqana
Ru


Innate Abilities, Weirdness & Mutations

You have a somewhat thin skeletal structure. (Dex +2, Stealth)
A weak demonic guardian rushes to your aid.
You sometimes gain a little power by taking damage.
Your life essence is reduced. (-10% HP)


Message History

Friðuswiþ hits Sigmund.
You hit Sigmund.
Sigmund is almost dead.
Your white imp barely misses Sigmund.
Friðuswiþ hits Sigmund but does no damage.
Sigmund laughs darkly.
Sigmund casts a spell at Friðuswiþ.
The puff of flame hits Friðuswiþ.
Friðuswiþ resists.
You hit Sigmund.
You kill Sigmund!
Your Fighting skill increases to level 4!
Your Unarmed Combat skill increases to level 4!
You have reached level 5!
Your demonic ancestry asserts itself...
You feel energised by your suffering.
Your white imp disappears in a puff of smoke!
Things that are here:
a scythe; a robe Are you sure you want to abandon this character and quit the game? (Confirm with "yes".)

#.# #.# # #.# ..
#.#
#.####.########
#....#...##...##
#...........## #
#............# ##
#..........R@# .#
#.......!....# .#
#............##
.#...#....##...##
##.###.#########
##. .... # ....
...


You could see the friendly Friðuswiþ the ancestor.

Vanquished Creatures
  Sigmund (D:2)
  2 adders (D:2)
  An ooze (D:2)
  A dart slug (D:2)
  2 leopard geckos
  7 bats
  2 giant cockroaches (D:1)
  4 hobgoblins
  7 kobolds
  3 quokkas
  3 frilled lizards (D:1)
  6 rats
39 creatures vanquished.

Vanquished Creatures (collateral kills)
  A worm (D:2)
  A dart slug (D:2)
2 creatures vanquished.

Grand Total: 41 creatures vanquished

Notes
Turn   | Place    | Note
-------+----------+-------------------------------------------
     0 | D:1      | Alarkh the Demonspawn Monk began the quest for the Orb.
     0 | D:1      | Reached XP level 1. HP: 18/18 MP: 1/1
   497 | D:1      | Gained mutation: A weak demonic guardian rushes to your aid. [demonic ancestry]
   497 | D:1      | Reached XP level 2. HP: 14/24 MP: 2/2
  1615 | D:2      | Gained mutation: You have a somewhat thin skeletal structure. (Dex +2, Stealth) [demonic ancestry]
  1615 | D:2      | Reached XP level 3. HP: 28/29 MP: 3/3
  1937 | D:2      | Found a sacrificial altar of Ru.
  2009 | D:2      | Found a faded altar of an unknown god.
  2016 | D:2      | Became a worshipper of Hepliaklqana the Forgotten
  2016 | D:2      | Reached * piety under Hepliaklqana
  2016 | D:2      | Reached ** piety under Hepliaklqana
  2327 | D:2      | Reached XP level 4. HP: 32/32 MP: 4/4
  2343 | D:2      | Noticed Sigmund
  2357 | D:2      | Killed Sigmund
  2357 | D:2      | Gained mutation: You sometimes gain a little power by taking damage. [demonic ancestry]
  2357 | D:2      | Reached XP level 5. HP: 32/37 MP: 5/5
  2397 | D:2      | Quit the game

Vault maps used:
D:1:      roderic_dead_forest
D:2:      lemuel_round_altar, chequers_ecumenical_altar_lobes, first_bread,
          uniq_sigmund

Skill      XL: |  1  2  3  4 |
---------------+-------------+-----
Unarmed Combat | 3 4 |  4.3
Dodging        | 3 |  3.6
Fighting       | 4 |  4.0
Stealth        | |  1.7

Action                   |  1- 3 |  4- 6 || total
-------------------------+-------+-------++-------
Melee: Unarmed           |   175 |     8 ||   183
       Punch             |     3 |       ||     3
  Use: Potion            |     6 |       ||     6
 Stab: Sleeping          |     8 |     1 ||     9
  Eat: Chunk             |     4 |     1 ||     5
Armor: Leather armour    |    51 |       ||    51
       Robe              |     1 |       ||     1
       Skin              |     6 |       ||     6
Dodge: Dodged            |   139 |     2 ||   141
